 Dungeon Crawl Stone Soup version 0.29-a0-234-g0dae59b3db (webtiles) character file.

Game seed: 17063856722927854309

220 Crownlay the Digger (level 5, -2/28 HPs)
             Began as a Gargoyle Earth Elementalist on Mar 3, 2022.
             Slain by a quokka (4 damage)
             ... on level 4 of the Dungeon.
             The game lasted 00:06:37 (3499 turns).

Crownlay the Digger (Gargoyle Earth Elementalist)   Turns: 3499, Time: 00:06:37

Health: -2/28      AC:  6    Str: 11    XL:     5   Next: 97%
Magic:  11/12      EV: 11    Int: 18    God:
Gold:   162        SH:  0    Dex: 10    Spells: 12/13 levels left

rFire   . . .      SeeInvis .   e - +0 scythe
rCold   . . .      Faith    .   (shield currently unavailable)
rNeg    + . .      Spirit   .   b - +0 robe
rPois   ∞          Reflect  .   c - +0 hat
rElec   +          Harm     .   (no cloak)
rCorr   .          Rampage  .   (no gloves)
Will    .....                   (no boots)
Stlth   ++........              (no amulet)
HPRegen 0.09/turn               m - +4 ring of slaying
MPRegen 0.13/turn               (no ring)

@: no status effects
A: sickness immunity, AC +4, negative energy resistance 1, electricity
resistance, torment resistance 1, petrification resistance
a: no special abilities


You were on level 4 of the Dungeon.
You visited 1 branch of the dungeon, and saw 4 of its levels.

You collected 162 gold pieces.

Inventory:

Hand Weapons
 e - a +0 scythe (weapon)
Missiles
 a - 76 stones
Armour
 b - a +0 robe (worn)
 c - a +0 hat (worn)
Jewellery
 m - a +4 ring of slaying (left hand)
Scrolls
 h - 2 scrolls of teleportation {unknown}
 j - a scroll of magic mapping {unknown}
 k - a scroll of noise {unknown}
 l - a scroll of enchant armour {unknown}
 n - a scroll of fear {unknown}
 p - 3 scrolls of holy word {unknown}
Potions
 d - 2 potions of haste {unknown}
 f - a potion of mutation {unknown}
 g - a potion of heal wounds {unknown}
 i - a potion of lignification {unknown}
 o - a potion of invisibility {unknown}


   Skills:
 - Level 1.5 Dodging
 - Level 2.1 Stealth
 * Level 4.7 Spellcasting
 - Level 0.7 Transmutations
 + Level 5.2 Earth Magic


You had 12 spell levels left.
You knew the following spells:

 Your Spells              Type           Power      Damage    Failure   Level
a - Sandblast             Erth           46%        2d11      1%          1

Your spell library contained the following spells:

 Spells                   Type           Power      Damage    Failure   Level
 Passwall                 Tmut/Erth      12%        N/A       6%          2
 Slow                     Hex            16%        N/A       14%         1
 Stone Arrow              Conj/Erth      26%        3d8       14%         3
 Petrify                  Tmut/Erth      15%        N/A       36%         4
 Confusing Touch          Hex            4%         N/A       38%         3
 Vampiric Draining        Necr           4%         2d6       38%         3


Dungeon Overview and Level Annotations

Branches:
Dungeon (4/15)
 Temple: D:4-7

Altars:

Shops:
D:2 (

Annotations:
D:4 1 transporter, nago's ghost, amateur DsDe


Innate Abilities, Weirdness & Mutations

You are immune to sickness and miasma.
Your stone body is resilient. (AC +4)
You are immune to poison.
You resist negative energy. (rN+)
You are resistant to electric shocks. (rElec)
You are resistant to unholy torment.
You are immune to petrification.


Message History

Reach: e) +0 scythe
Press: ? - help, Dir - move target, f - hobgoblin
Aim: a hobgoblin (about 50% to evade your +0 scythe)
You hit the hobgoblin.
You kill the hobgoblin!
The dart slug launches a dart at you. The slug dart hits you.
Reach: e) +0 scythe
Press: ? - help, Dir - move target, f - gnoll sergeant
Aim: a gnoll sergeant, wielding a +0 spear and wearing a +0 scale mail (about 41% to evade your +0 scythe)
You reach to attack!
You barely miss the gnoll sergeant. The gnoll sergeant barely misses you.
The gnoll sergeant hits you but does no damage.
Reach: e) +0 scythe
Press: ? - help, Dir - move target, f/p - gnoll sergeant
Aim: a gnoll sergeant, wielding a +0 spear and wearing a +0 scale mail (about 41% to evade your +0 scythe)
You reach to attack!
You barely miss the gnoll sergeant.
The gnoll sergeant hits you from afar with a +0 spear!
The gnoll sergeant barely misses you.
Reach: e) +0 scythe
Press: ? - help, Dir - move target, f/p - gnoll sergeant
Aim: a gnoll sergeant, wielding a +0 spear and wearing a +0 scale mail (about 41% to evade your +0 scythe)
You reach to attack!
You hit the gnoll sergeant but do no damage.
The gnoll sergeant hits you from afar with a +0 spear.
The gnoll sergeant hits you from afar with a +0 spear!
* * * LOW HITPOINT WARNING * * *
You are too injured to fight recklessly!
Unknown command.
The dart slug bites you but does no damage.
The quokka closely misses you. The quokka bites you.
* * * LOW HITPOINT WARNING * * *
Casting: Sandblast (safe; 1% risk of failure)
Confirm with . or Enter, or press ? or * to list all spells.
Aiming: Sandblast (safe; 1% risk of failure)
Press: ? - help, Shift-Dir - straight line, f - quokka
Aim: a quokka (73% to hit)
The blast of sand misses the quokka.
The quokka bites you.
You die...

.....#..........
..## #...##.##..
####.....#
#......###
#.##.#.# # #.#.#
##### #.#.# #...
#.#.####.####
##.##.#@#.g.....#
#......r#.##.##.#
#...#..w.....#
#...#####.####
.....##..####.#
..............#
......#####...#
..#..##...##..#
#..#.#.#.#..#


You could see a dart slug and a quokka.

Vanquished Creatures
  Sigmund (D:2)
  2 dart slugs
  3 ball pythons
  7 endoplasms
  3 giant cockroaches
  7 goblins
  12 hobgoblins
  4 jackals (D:3)
  5 kobolds
  A quokka (D:3)
  3 bats
  5 frilled lizards
  6 rats
59 creatures vanquished.

Notes
Turn   | Place    | Note
-------+----------+-------------------------------------------
     0 | D:1      | Crownlay the Gargoyle Earth Elementalist began the quest
                  | for the Orb.
     0 | D:1      | Reached XP level 1. HP: 10/10 MP: 3/3
   305 | D:1      | Reached XP level 2. HP: 4/15 MP: 1/5
   848 | D:1      | Reached skill level 4 in Earth Magic
  1195 | D:1      | Reached XP level 3. HP: 12/19 MP: 7/7
  1373 | D:1      | Found a faded altar of an unknown god.
  1493 | D:2      | Noticed Sigmund
  1493 | D:2      | Found Gisojy's Weapon Shop.
  1498 | D:2      | Killed Sigmund
  1499 | D:2      | Reached skill level 5 in Earth Magic
  1499 | D:2      | Reached XP level 4. HP: 23/24 MP: 2/10
  1499 | D:2      | Reached XP level 5. HP: 27/28 MP: 2/11
  3288 | D:4      | Noticed an ogre
  3288 | D:4      | Noticed nago's ghost (amateur DsDe)
  3288 | D:4      | Found a transporter.
  3499 | D:4      | Slain by a quokka

Illustrated notes

Levels and vault maps discovered:
D:1:      dpeg_arrival_castle, layout_basic,
          shapermc_ecumenical_altar_hornbeckon, interstate_on_off
D:2:      layout_rooms, serial_shops, shop, uniq_sigmund
D:3:      layout_rooms, kennysheep_generic_room_10
D:4:      layout_loops_cross, gammafunk_ghost_smash, minmay_checkerbox

Skill      XL: |  1  2  3 |
---------------+----------+-----
Earth Magic    | 4 5 |  5.2
Spellcasting   | 4 |  4.7
Dodging        | |  1.5
Stealth        | |  2.1
Transmutations | |  0.7

Action                   |  1- 3 |  4- 6 || total
-------------------------+-------+-------++-------
Melee: Unarmed           |    21 |       ||    21
       Dagger            |    10 |       ||    10
       Whip              |     4 |       ||     4
       Scythe            |       |   130 ||   130
Throw: Dart              |    22 |       ||    22
       Stone             |     2 |       ||     2
 Cast: Sandblast         |    25 |     4 ||    29
  Use: Scroll            |     1 |       ||     1
 Stab: Sleeping          |     1 |     1 ||     2
Armor: Robe              |     9 |   104 ||   113
Dodge: Dodged            |    38 |   162 ||   200

Table legend: (Time is in decaauts)
 A = Elapsed time spent in this place.
 B = Non-inter-level travel time spent in this place.
 C = Inter-level travel time spent in this place.
 D = Time resting spent in this place.
 E = Time spent auto-exploring this place.
 F = Levels seen in this place.
 G = Mean time per level.
                   A        B        C        D        E       F      G
               +--------+--------+--------+--------+--------+-----+--------+
         Total |   3633 |   3556 |     77 |      0 |   2973 |   4 |  908.2 |
       Dungeon |   3633 |   3556 |     77 |      0 |   2973 |   4 |  908.2 |
               +--------+--------+--------+--------+--------+-----+--------+

Top non-repeatable levels by time:
     D:1: 1499 daAuts
     D:2: 1036 daAuts
     D:3: 874 daAuts
     D:4: 222 daAuts
